 Dungeon Crawl Stone Soup version 0.31.0-12-g77e489cdc1 (webtiles) character file.

Game seed: 3873715813355961624

12882 raph the Carver (level 11, -12/95 HPs)
             Began as a Minotaur Fighter on Feb 20, 2024.
             Was an Elder of Trog.
             Mangled by a tyrant leech (22 damage)
             ... on level 10 of the Dungeon.
             The game lasted 00:21:25 (14383 turns).

raph the Carver (Minotaur Fighter)                 Turns: 14383, Time: 00:21:25

Health: -12/95     AC: 19    Str: 26    XL:     11   Next: 68%
Magic:  10/10      EV: 15    Int:  5    God:    Trog [****..]
Gold:   487        SH:  0    Dex: 15    Spells: 10/10 levels left

rFire   . . .        a - +2 great sword (freeze)
rCold   . . .        (shield currently unavailable)
rNeg    . . .        m - +0 plate armour
rPois   .            L - +1 hat
rElec   .            M - +0 cloak
rCorr   .            Q - +2 pair of gloves
SInv    .            (no boots)
Will    ++...        (no amulet) Stlth
                     l - +5 ring of evasion
HPRegen 1.35/turn    f - +6 ring of strength
MPRegen 0.12/turn

%: no passive effects
@: strong-willed (expiring), regenerating (expiring)
A: horns 2, retaliatory headbutt
a: Renounce Religion, Berserk, Trog's Hand, Brothers in Arms


You were on level 10 of the Dungeon.
You worshipped Trog.
Trog was greatly pleased with you.
You visited 1 branch of the dungeon, and saw 10 of its levels.
You also visited: Sewer and Ossuary.

You collected 591 gold pieces.
You spent 104 gold pieces at shops.

Inventory:

Hand Weapons
 a - a +2 great sword of freezing (weapon)
 b - a +1 scimitar of flaming
 o - a +0 great sword
 B - a +3 long sword
Missiles
 A - 21 poisoned darts (quivered)
Armour
 m - a +0 plate armour (worn)
 L - a +1 hat (worn)
 M - a +0 cloak (worn)
 Q - a +2 pair of gloves (worn)
Jewellery
 f - a +6 ring of strength (right hand)
 l - a +5 ring of evasion (left hand)
 q - a +5 ring of evasion
 s - a ring of ice
 u - a +6 ring of strength
 z - an amulet of magic regeneration
 C - the amulet of the Air {Inacc Air Fly rElec RMsl}
   (You found it on level 5 of the Dungeon)

   [amulet of nothing]

   Inacc:     It reduces the accuracy of your attacks and spells.
   Air:       It enhances your air magic.
   rElec:     It insulates you from electricity.
   Fly:       It grants you flight.
   RMsl:      It protects you from missiles.
 D - a ring of willpower
 J - an amulet of faith
 N - a ring of flight
Wands
 p - a wand of paralysis (29)
 r - a wand of polymorph (4)
 v - a wand of mindburst (1)
 y - a wand of iceblast (24)
 H - a wand of flame (53)
Scrolls
 j - 3 scrolls of fear
 k - 2 scrolls of revelation
 E - a scroll of teleportation
 O - a scroll of poison
Potions
 d - 6 potions of might
 e - 4 potions of resistance
 g - a potion of cancellation
 h - 3 potions of haste
 i - 4 potions of curing
 n - 3 potions of ambrosia
 t - 3 potions of enlightenment
 w - a potion of mutation
 x - 4 potions of lignification
 F - 2 potions of attraction
 G - a potion of invisibility
 K - a potion of heal wounds


   Skills:
 + Level 8.8 Fighting
 + Level 14.8 Long Blades
 + Level 8.8 Armour
 + Level 7.2 Dodging
 + Level 8.6 Shields
 + Level 4.6 Evocations


You had 10 spell levels left.
You didn't know any spells.
Your spell library was empty.

Dungeon Overview and Level Annotations

Branches:
Dungeon (10/15)            Temple (0/1) D:7           Sewer (visited)
Ossuary (visited)
   Lair: D:8-11         Orc: D:9-12

Altars:
Ashenzari
Gozag
Hepliaklqana
Makhleb
Nemelex Xobeh
Okawaru
Qazlal
Sif Muna
Trog
Xom
The Shining One

Shops:
D:4 !

Annotations:
D:4 2 transporters


Innate Abilities, Weirdness & Mutations

You have a pair of horns on your head.
You reflexively headbutt those who attack you in melee.


Message History

The swamp worm fires a harpoon shot at you.
The harpoon shot hits your ogre!
Your ogre hits the swamp worm with a +0 giant spiked club!!!
The swamp worm dies!
Trog accepts your kill.
Your ogre hits the swamp worm with a +0 giant spiked club!!!
The swamp worm dies!
Trog accepts your kill.
Your ogre hits the tyrant leech with a +0 giant spiked club!
You closely miss the tyrant leech. Your headbutt misses the tyrant leech.
The tyrant leech is lightly wounded.
The tyrant leech bites you but does no damage.
You slash the tyrant leech! You freeze the tyrant leech.
Your headbutt misses the tyrant leech.
The tyrant leech is moderately wounded.
Your ogre misses the tyrant leech. The tyrant leech bites you!
* * * LOW HITPOINT WARNING * * *
The tyrant leech draws strength from your injuries!
You closely miss the tyrant leech. Your headbutt misses the tyrant leech.
The tyrant leech is moderately wounded.
Your ogre misses the tyrant leech. The tyrant leech bites you!
* * * LOW HITPOINT WARNING * * *
The tyrant leech draws strength from your injuries!
You slash the tyrant leech! You freeze the tyrant leech.
The tyrant leech is moderately wounded.
Your ogre misses the tyrant leech. You hit the tyrant leech.
You freeze the tyrant leech. Your headbutt misses the tyrant leech.
The tyrant leech is heavily wounded.
You feel the effects of Trog's Hand fading.
Your ogre hits the tyrant leech with a +0 giant spiked club!!
The tyrant leech bites you but does no damage.
The kobold brigand throws a curare-tipped dart.
The curare-tipped dart hits your ogre.
Your ogre is poisoned.
Your ogre struggles to breathe.
Your ogre seems to slow down.
You miss the tyrant leech.
The tyrant leech is severely wounded.
Your ogre misses the tyrant leech. The tyrant leech bites you!!
You die...

....... ..#.##..##..........#..#
)...... ....##.##.............#
........ #..##.###..........#..
..#.##.... ##................##..
..##.##..###......<..............
......#~~~~~............#........
......~~K~~~~........####...#....
......~≈P~~≈~###.....###....##..#
.....~~##~##†~##@....#.......##.#
..†.~~~#$~ #~KOw.......#..#...###
...#~≈##~ ##≈~#...#..##..#..##
....~~#~) #~~#...##..##.....#
....~≈## #≈~....##.###....##
...<~~~# ~~~....#..##....##
....#~~# #~~........#....##
...###~≈# ~~.........#...###.#
....# ~~≈~≈~~..................


You could see a tyrant leech (ally target), a kobold brigand and a friendly ogre
(summoned, berserk, very poisoned, slow).

Vanquished Creatures
  Erica (D:9)
  A two-headed ogre (D:10)
  An unseen horror (D:10)
  A gargoyle (D:10)
  4 unseen horror zombies (D:9)
  A komodo dragon (D:10)
  Psyche (D:9)
  A queen bee (D:9)
  A troll (D:10)
  3 slime creatures (D:8)
  13 yaks
  4 steam dragons
  An acid dragon (D:8)
  4 orc warriors
  3 water moccasins
  2 sky beasts (D:8)
  2 black bears
  4 ice beasts
  An ogre (D:7)
  6 centaurs
  4 kobold brigands
  4 bullfrogs
  A necrophage (D:6)
  A burial acolyte (Ossuary)
  13 wights
  14 killer bees
  A howler monkey (D:8)
  A crimson imp (D:7)
  7 centaur zombies (D:9)
  3 hounds
  8 orc priests
  3 gnoll boudas
  A jelly (D:5)
  13 orc wizards
  4 iguanas
  A hound skeleton (D:6)
  A mummy (Ossuary)
  A howler monkey zombie (D:9)
  13 gnolls
  14 adders
  A river rat (D:3)
  A shadow imp (D:8)
  2 white imps (D:7)
  11 dart slugs
  A ribbon worm (D:2)
  60 orcs
  5 endoplasms
  13 giant cockroaches
  6 goblins
  6 hobgoblins
  7 jackals
  5 quokkas
  19 ball pythons
  7 bats
  9 frilled lizards
  5 gnoll skeletons (Ossuary)
  19 kobolds
  9 kobold skeletons (Ossuary)
  6 orc skeletons (Ossuary)
  11 rats
366 creatures vanquished.

Vanquished Creatures (collateral kills)
  2 swamp worms (D:10)
2 creatures vanquished.

Grand Total: 368 creatures vanquished

Notes
Turn   | Place    | Note
-------+----------+-------------------------------------------
     0 | D:1      | raph the Minotaur Fighter began the quest for the Orb.
     0 | D:1      | Reached XP level 1. HP: 19/19 MP: 0/0
   180 | D:1      | Reached skill level 3 in Long Blades
   216 | D:1      | Reached XP level 2. HP: 26/26 MP: 1/1
   689 | D:2      | Reached skill level 4 in Long Blades
   705 | D:2      | Reached XP level 3. HP: 31/31 MP: 2/2
   881 | D:2      | Reached skill level 5 in Long Blades
  1056 | D:2      | Reached XP level 4. HP: 38/39 MP: 3/3
  1353 | D:2      | Found a bloodstained altar of Trog.
  1361 | D:2      | Became a worshipper of Trog the Wrathful
  1710 | D:3      | Found a glowing drain.
  1734 | Sewer    | Entered a sewer
  1761 | Sewer    | Reached skill level 6 in Long Blades
  2059 | Sewer    | Reached * piety under Trog
  2060 | Sewer    | Reached XP level 5. HP: 45/45 MP: 4/4
  2316 | Sewer    | Reached skill level 7 in Long Blades
  2325 | Sewer    | Reached skill level 8 in Long Blades
  2325 | Sewer    | Reached XP level 6. HP: 49/51 MP: 5/5
  2911 | D:3      | Reached ** piety under Trog
  3232 | D:4      | Found a transporter.
  3271 | D:4      | Found a sparkling altar of Nemelex Xobeh.
  3274 | D:4      | Found an iron altar of Okawaru.
  3277 | D:4      | Found a shimmering altar of Xom.
  3287 | D:4      | Found a glowing golden altar of the Shining One.
  3307 | D:4      | Found a hazy altar of Hepliaklqana.
  3320 | D:4      | Reached skill level 9 in Long Blades
  3526 | D:4      | Found a stormy altar of Qazlal.
  3527 | D:4      | Found an opulent altar of Gozag.
  3530 | D:4      | Found a shimmering blue altar of Sif Muna.
  3721 | D:4      | Reached XP level 7. HP: 57/57 MP: 6/6
  3748 | D:4      | Found Leixyef's Distillery.
  3755 | D:4      | Found a transporter.
  3756 | D:4      | Bought a potion of heal wounds for 65 gold pieces
  3756 | D:4      | Bought a potion of curing for 39 gold pieces
  3900 | D:4      | Reached *** piety under Trog
  3990 | D:5      | Entered Level 5 of the Dungeon
  4091 | D:5      | Reached skill level 10 in Long Blades
  4651 | D:5      | Noticed a yak
  4651 | D:5      | Noticed a yak
  4651 | D:5      | Noticed a yak
  4661 | D:5      | Killed a yak
  4662 | D:5      | Reached skill level 11 in Long Blades
  4666 | D:5      | Killed a yak
  4667 | D:5      | Reached XP level 8. HP: 64/64 MP: 7/7
  4675 | D:5      | Reached skill level 12 in Long Blades
  4864 | D:5      | Found the amulet of the Air {Inacc Air Fly rElec RMsl}
  5456 | D:6      | Reached skill level 13 in Long Blades
  5475 | D:6      | You fall into a shaft and drop 3 floors!
  5600 | D:9      | Reached skill level 1 in Dodging
  5765 | D:8      | Reached XP level 9. HP: 55/72 MP: 8/8
  6069 | D:7      | Found a sand-covered staircase.
  6140 | Ossuary  | Entered an ossuary
  6155 | Ossuary  | Reached **** piety under Trog
  6449 | Ossuary  | Found an ancient bone altar of Kikubaaqudgha.
  6662 | D:7      | Reached skill level 5 in Fighting
  6662 | D:7      | Reached skill level 5 in Armour
  6662 | D:7      | Reached skill level 5 in Shields
  7369 | D:6      | Found a broken altar of Ashenzari.
  7805 | D:6      | Found a burning altar of Makhleb.
  9632 | D:7      | Reached skill level 1 in Evocations
 10094 | D:7      | Found a staircase to the Ecumenical Temple.
 10501 | D:7      | Reached XP level 10. HP: 79/79 MP: 9/9
 10958 | D:8      | Reached skill level 14 in Long Blades
 11435 | D:8      | Reached skill level 5 in Dodging
 12360 | D:9      | Noticed Erica
 12684 | D:9      | Killed Erica
 12685 | D:9      | Reached XP level 11. HP: 94/94 MP: 10/10
 13123 | D:9      | Noticed Psyche
 13125 | D:9      | Paralysed by Psyche for 5 turns
 13132 | D:9      | Killed Psyche
 13554 | D:9      | Identified a scroll of acquirement
 13554 | D:9      | Acquired a +1 hat
 13721 | D:10     | Entered Level 10 of the Dungeon
 13909 | D:10     | Noticed a two-headed ogre
 13930 | D:10     | Killed a two-headed ogre
 14190 | D:10     | Reached ***** piety under Trog
 14383 | D:10     | Mangled by a tyrant leech

Illustrated notes

Levels and vault maps discovered:
D:1:      dpeg_arrival_three_smaller_balls, layout_loops_ring
D:2:      layout_loops_ring, basic_altar, minmay_distorted
D:3:      layout_loops_corners, mainiacjoe_sewer_entry_somewhere_in_here_1
D:4:      gammafunk_steamed_eel, layout_gridville, grunt_temple_overflow_open,
          grunt_temple_overflow_cloverleaf, serial_shops, shop
D:5:      layout_basic
D:6:      layout_loops_cross, makhleb_blood_cavern_becter,
          mainiacjoe_overflow_surrounded_room
D:7:      nicolae_whirlpool, layout_basic, minmay_temple_entry_trees,
          enter_ossuary_3, nicolae_eternal_life, minmay_fire_ice_demons
D:8:      layout_basic, grunt_ministairs_12, minmay_misc_feat_iff
D:9:      layout_irregular_city, serial_undead, serial_undead_a,
          serial_undead_f, serial_undead_d, serial_undead_c, serial_undead_d,
          serial_undead_d, serial_undead_e, serial_undead_a,
          nicolae_looking_at_the_future, uniq_psyche, uniq_erica
D:10:     layout_cave_pools, special_room [special_room_orc], worms_lemuel

Skill      XL: |  1  2  3  4  5  6  7  8  9 10 11 |
---------------+----------------------------------+-----
Long Blades    | 3 4 5 6 8 9 11 13 14 | 14.8
Armour         | 4 6 7 8 |  8.8
Dodging        | 1 4 6 7 |  7.2
Fighting       | 4 6 7 8 |  8.8
Shields        | 4 6 7 8 |  8.6
Evocations     | 1 3 4 |  4.6

Action                     |  1- 3 |  4- 6 |  7- 9 | 10-12 || total
---------------------------+-------+-------+-------+-------++-------
  Melee: Long sword        |    98 |   214 |   371 |    92 ||   775
         Headbutt          |    13 |    26 |    67 |    42 ||   148
         Great sword       |       |       |       |   244 ||   244
  Throw: Dart              |       |       |    33 |       ||    33
         Throwing net      |       |       |     2 |       ||     2
 Invoke: Berserk           |       |     1 |    11 |    12 ||    24
         Trog's Hand       |       |       |       |     3 ||     3
         Brothers in Arms  |       |       |       |     1 ||     1
  Evoke: Wand              |       |       |     7 |     2 ||     9
    Use: Scroll            |       |    11 |    10 |     7 ||    28
         Potion            |       |       |       |     4 ||     4
   Stab: Paralysed         |       |       |     2 |       ||     2
 Armour: Scale mail        |    28 |       |       |       ||    28
         Plate armour      |    37 |   116 |   237 |   272 ||   662
         Skin              |       |       |     2 |       ||     2
  Dodge: Dodged            |    56 |   118 |   193 |   287 ||   654
         Repelled          |       |       |       |     2 ||     2
  Block: Buckler           |    28 |    38 |    92 |    13 ||   171
